 Dungeon Crawl Stone Soup version 0.29-a0-495-g17b79114eb (webtiles) character file.

Game seed: 16146223857356616135

149 Oddst4r the Cudgeller (level 5, 0/42 HPs)
             Began as a Human Berserker on May 27, 2022.
             Was a Believer of Trog.
             Slain by an orc wizard
             ... wielding a +0 dagger
              (1 damage)
             ... on level 3 of the Dungeon on May 28, 2022.
             The game lasted 00:18:26 (2947 turns).

Oddst4r the Cudgeller (Human Berserker)             Turns: 2947, Time: 00:18:27

Health: 0/42       AC:  7    Str: 20    XL:     5   Next: 56%
Magic:  5/5        EV: 10    Int:  7    God:    Trog [**....]
Gold:   129        SH:  0    Dex: 12    Spells: 4/4 levels left

rFire   . . .      SeeInvis .   a - +0 mace
rCold   . . .      Faith    .   (no shield)
rNeg    . . .      Spirit   .   k - +0 scale mail
rPois   .          Reflect  .   (no helmet)
rElec   .          Harm     .   (no cloak)
rCorr   .          Rampage  .   (no gloves)
Will    .....                   h - +0 pair of boots
Stlth   ..........              (no amulet)
HPRegen 0.14/turn               f - ring of wizardry
MPRegen 0.09/turn               (no ring)

@: on berserk cooldown
A: no striking features
a: Renounce Religion, Berserk, Trog's Hand


You were on level 3 of the Dungeon.
You worshipped Trog.
Trog was pleased with you.
You visited 1 branch of the dungeon, and saw 3 of its levels.

You collected 129 gold pieces.

Inventory:

Hand Weapons
 a - a +0 mace (weapon)
Armour
 h - a +0 pair of boots (worn)
 k - a +0 scale mail (worn)
Jewellery
 f - a ring of wizardry (left hand)
Scrolls
 b - 2 scrolls of identify {unknown}
 c - a scroll of blinking {unknown}
 d - a scroll of acquirement {unknown}
 e - 2 scrolls of magic mapping {unknown}
 g - a scroll of teleportation {unknown}
 l - a scroll of fear {unknown}
 m - a scroll of fog {unknown}
Potions
 i - a potion of berserk rage {unknown}
 j - 2 potions of flight {unknown}
 n - a potion of mutation {unknown}


   Skills:
 + Level 3.8 Fighting
 + Level 4.4 Maces & Flails
 + Level 2.6 Armour
 + Level 2.7 Dodging
 + Level 0.6 Stealth


You had 4 spell levels left.
You didn't know any spells.
Your spell library contained the following spells:

 Spells                   Type           Power      Damage    Failure   Level
 Call Canine Familiar     Summ           0%         N/A       80%         3
 Portal Projectile        Hex/Tloc       0%         N/A       80%         3
 Tukima's Dance           Hex            0%         N/A       80%         3
 Leda's Liquefaction      Hex/Erth       0%         N/A       99%         4
 Passage of Golubria      Tloc           0%         N/A       99%         4
 Blade Hands              Tmut           0%         N/A       100%        5
 Yara's Violent Unravell  Hex/Tmut       0%         3d3       100%        5


Dungeon Overview and Level Annotations

Branches:
Dungeon (3/15)

Altars:
Fedhas

Shops:
D:2 *


Message History

Something hits you but does no damage. The orc completely misses you.
Something hits you.
* * * LOW HITPOINT WARNING * * *
Unknown command.
You hit the orc.
You kill the orc!
Trog accepts your kill. Something hits you but does no damage.
A puff of flame appears from out of thin air!
The puff of flame hits something!
Something hits you.
* * * LOW HITPOINT WARNING * * *
Things that are here:
a +0 club; an orc corpse You hear some strange, mumbled words.
You are confused.
A magic dart appears from out of thin air!
The magic dart hits something!
Reactivating autopickup.
You feel a bit more experienced.
Deactivating autopickup; reactivate with Ctrl-A.
Something tries to affect you, but you resist.
You bump into the rock wall.
You feel less confused. Something hits you.
* * * LOW HITPOINT WARNING * * *
Something hits you.
* * * LOW HITPOINT WARNING * * *
You hear some strange, mumbled words.
A magic dart appears from out of thin air!
The magic dart hits you.
* * * LOW HITPOINT WARNING * * *
Something hits you.
* * * LOW HITPOINT WARNING * * *
Found a stone staircase leading down.
You feel yourself speed up. Something hits you.
* * * LOW HITPOINT WARNING * * *
Something hits you but does no damage. Something hits you.
You die...

#.. .. .>.# #.. .# #..#
#..##.# #..#
##.....###..#
......>.....#
.......###..######
....#..........<.######
###.#)####...o........#
#.#.# ##.####@####.#
#.#)# #.# #.# #.#
#.#)#####.# #.# #.#
#.........# #.# #.#
#...####### #.# #.#
#.### #.## #.# #.#
#..###.# #.# ##.#.##.#
#.# #.###.#.########


You could see an orc.

Vanquished Creatures
  2 orc priests (D:3)
  2 adders (D:2)
  A worm (D:2)
  2 dart slugs (D:2)
  8 orcs (D:3)
  3 bats
  2 endoplasms
  2 giant cockroaches
  2 goblins (D:2)
  4 hobgoblins (D:1)
  3 jackals (D:2)
  A quokka (D:3)
  7 ball pythons
  2 frilled lizards (D:2)
  2 kobolds (D:2)
  3 rats
  A bush (D:2)
47 creatures vanquished.

Vanquished Creatures (others)
  An orc wizard (D:3)
  5 plants
6 creatures vanquished.

Grand Total: 53 creatures vanquished

Notes
Turn   | Place    | Note
-------+----------+-------------------------------------------
     0 | D:1      | Oddst4r the Human Berserker began the quest for the Orb.
     0 | D:1      | Reached XP level 1. HP: 18/18 MP: 1/1
    25 | D:1      | Upgraded the game from 0.29-a0-490-g77b3608bb8 to
                  | 0.29-a0-495-g17b79114eb
   794 | D:1      | Reached XP level 2. HP: 20/24 MP: 2/2
  1272 | D:2      | Reached XP level 3. HP: 25/29 MP: 3/3
  1307 | D:2      | Found a blossoming altar of Fedhas.
  1436 | D:2      | Found Kiteat's General Store.
  1763 | D:2      | Reached ** piety under Trog
  1856 | D:2      | Reached XP level 4. HP: 35/35 MP: 4/4
  2440 | D:3      | HP: 2/52 [orc priest/divine providence (12)]
  2442 | D:3      | Reached skill level 4 in Maces & Flails
  2442 | D:3      | Reached XP level 5. HP: 3/41 MP: 5/5
  2447 | D:3      | HP: 1/61 [orc priest/+0 dagger (3)]
  2940 | D:3      | HP: 1/42 [something (4)]
  2947 | D:3      | Slain by an orc wizard

Illustrated notes

Levels and vault maps discovered:
D:1:      psy_arrival_conway, layout_basic
D:2:      layout_basic, serial_forest, infiniplex_forest_clump_diagonal,
          infiniplex_forest_lined_2, infiniplex_forest_diagonal,
          infiniplex_forest_straight_5, infiniplex_forest_clump_tiny,
          infiniplex_forest_lined_corner, infiniplex_forest_split, basic_altar,
          serial_shops, shop
D:3:      layout_loops_ring, shapermc_ecumenical_altar_acropolis

Skill      XL: |  1  2  3  4 |
---------------+-------------+-----
Maces & Flails | 4 |  4.4
Fighting       | |  3.8
Armour         | |  2.6
Dodging        | |  2.7
Stealth        | |  0.6

Action                   |  1- 3 |  4- 6 || total
-------------------------+-------+-------++-------
Melee: Mace              |   258 |    62 ||   320
       Punch             |     2 |     1 ||     3
Invok: Berserk           |       |     2 ||     2
Armor: Animal skin       |    21 |       ||    21
       Scale mail        |     8 |    42 ||    50
Dodge: Dodged            |    42 |    25 ||    67

Table legend: (Time is in decaauts)
 A = Elapsed time spent in this place.
 B = Non-inter-level travel time spent in this place.
 C = Inter-level travel time spent in this place.
 D = Time resting spent in this place.
 E = Time spent auto-exploring this place.
 F = Levels seen in this place.
 G = Mean time per level.
                   A        B        C        D        E       F      G
               +--------+--------+--------+--------+--------+-----+--------+
         Total |   3039 |   3037 |      2 |    792 |      0 |   3 | 1013.0 |
       Dungeon |   3039 |   3037 |      2 |    792 |      0 |   3 | 1013.0 |
               +--------+--------+--------+--------+--------+-----+--------+

Top non-repeatable levels by time:
     D:1: 1263 daAuts
     D:2: 1195 daAuts
     D:3: 580 daAuts
